 Dungeon Crawl Stone Soup version 0.28-a0-691-gad6df49e81 (webtiles) character file.

Game seed: 18349805554113439384

71224 quinnr the Stormcaller (level 15, -3/96 HPs)
             Began as a Tengu Air Elementalist on Oct 18, 2021.
             Was a High Priest of Nemelex Xobeh.
             Killed from afar by a starcursed mass (7 damage)
             ... with an accursed screaming
             ... on level 5 of the Abyss on Oct 21, 2021.
             The game lasted 01:21:43 (43191 turns).

quinnr the Stormcaller (Tengu Air Elementalist)    Turns: 43191, Time: 01:21:44

Health: -3/96      AC:  7    Str:  9    XL:     15   Next: 35%
Magic:  32/32      EV: 22    Int: 20    God:    Nemelex Xobeh [*****.]
Gold:   1156       SH:  0    Dex: 16    Spells: 28/38 levels left

rFire   + . .      SeeInvis .   A - staff of poison
rCold   + . .      Faith    .   (no shield)
rNeg    . . .      Spirit   .   E - +2 robe {rC+}
rPois   +          Reflect  .   (helmet restricted)
rElec   .          Harm     .   t - scarf {+Inv}
rCorr   .          Rampage  .   u - +2 pair of gloves
Will    +....                   (boots unavailable)
Stlth   ++++......              (no amulet)
HPRegen 0.26/turn               L - ring of protection from fire
MPRegen 0.23/turn               q - ring of wizardry

@: flying quickly and evasively, silenced, quick
A: beak, talons 3, nimble flight
a: Renounce Religion, Evoke Invisibility


You were on level 5 of the Abyss.
You worshipped Nemelex Xobeh.
Nemelex Xobeh was extremely pleased with you.
You visited 3 branches of the dungeon, and saw 18 of its levels.
You visited the Abyss 1 time.
You also visited: Sewer.

You collected 1156 gold pieces.

Inventory:

Missiles
 S - 2 throwing nets
Armour
 a - a +0 robe
 k - a +0 troll leather armour {Purgy}
 t - a scarf of invisibility (worn)
 u - a +2 pair of gloves (worn)
 E - a +2 robe of cold resistance (worn)
 U - +0 swamp dragon scales
 W - the +6 scale mail "Yngyzong" {Rampage rC+}
   (You found it on level 5 of the Abyss)

   rC:        It protects you from cold.
   Rampage:   It bestows one free step when moving towards enemies.
Magical Staves
 A - a staff of poison (weapon)
 X - a staff of death
Jewellery
 h - a +6 ring of dexterity
 m - a +6 ring of strength
 q - a ring of wizardry (right hand)
 r - a +4 ring of protection
 K - a ring of poison resistance
 L - a ring of protection from fire (left hand)
 O - a ring of protection from fire
Wands
 n - a wand of mindburst (6)
 s - a wand of flame (9)
 y - a wand of paralysis (5)
 F - a wand of charming (15)
 I - a wand of polymorph (8)
 Q - a wand of iceblast (4)
Scrolls
 c - a scroll of vulnerability
 i - 3 scrolls of torment {unknown}
 j - 5 scrolls of teleportation
 l - a scroll of summoning
 o - 4 scrolls of noise {unknown}
 p - 2 scrolls of magic mapping {unknown}
 v - 2 scrolls of enchant weapon
 w - 4 scrolls of enchant armour {unknown}
 B - 3 scrolls of brand weapon {unknown}
 G - 4 scrolls of immolation
 H - 4 scrolls of fog
 J - 2 scrolls of blinking
 P - a scroll of fear
 V - a scroll of amnesia
Potions
 b - 2 potions of invisibility
 d - 2 potions of ambrosia
 e - 2 potions of curing
 f - 3 potions of brilliance
 g - 2 potions of flight
 x - 3 potions of degeneration
 z - a potion of might
 C - 2 potions of attraction
 D - 5 potions of mutation
 M - a potion of cancellation
 N - a potion of lignification
 T - 2 potions of resistance
Miscellaneous
 R - a phantom mirror


   Skills:
 - Level 12.0 Fighting
 - Level 5.0 Armour
 + Level 11.5 Dodging
 - Level 10.0 Stealth
 - Level 12.0 Spellcasting
 - Level 4.0 Conjurations
 - Level 15.0 Air Magic
 - Level 4.0 Poison Magic
 - Level 6.0 Invocations
 - Level 6.0 Evocations


You had 28 spell levels left.
You knew the following spells:

 Your Spells              Type           Power      Damage    Failure   Level
a - Shock                 Conj/Air       100%       1d9       1%          1
b - Airstrike             Air            32%        N/A       1%          4
c - Mephitic Cloud        Conj/Pois/Air  59%        N/A       1%          3
d - Poisonous Vapours     Pois/Air       100%       N/A       1%          2

Your spell library contained the following spells:

 Spells                   Type           Power      Damage    Failure   Level
 Magic Dart               Conj           100%       1d8       1%          1
 Sting                    Tmut/Pois      100%       1d8       1%          1
 Static Discharge         Conj/Air       50%        N/A       1%          2
 Swiftness                Air            64%        N/A       1%          3
 Call Imp                 Summ           12%        N/A       3%          2
 Sublimation of Blood     Necr           6%         N/A       3%          2
 Wereblood                Tmut           12%        N/A       3%          2
 Olgreb's Toxic Radiance  Pois           42%        N/A       4%          4
 Fulminant Prism          Conj/Hex       10%        3d9       10%         4
 Iskenderun's Mystic Bla  Conj/Tloc      20%        2d6       10%         4
 Irradiate                Conj/Tmut      10%        3d16      26%         5
 Blade Hands              Tmut           6%         N/A       50%         5
 Lee's Rapid Deconstruct  Erth           6%         3d7*      50%         5
 Dragon Form              Tmut           6%         N/A       100%        7
 Malign Gateway           Summ/Tloc      6%         N/A       100%        7
 Summon Hydra             Summ           6%         N/A       100%        7
 Summon Horrible Things   Summ           6%         N/A       100%        8


Dungeon Overview and Level Annotations

Branches:
Dungeon (11/15)            Temple (1/1) D:7            Lair (6/6) D:10
 Shoals (0/4) Lair:3        Snake (0/4) Lair:2        Slime (0/5) Lair:5
  Sewer (visited)
    Orc: D:9-12

Altars:
Ashenzari
Cheibriados
Dithmenos
Elyvilon
Fedhas
Gozag
Hepliaklqana
Kikubaaqudgha
Makhleb
Nemelex Xobeh
Okawaru
Qazlal
Ru
Sif Muna
Trog
Uskayaw
Vehumet
Wu Jian
Xom
Yredelemnul
Zin
The Shining One
Beogh
Jiyva

Shops:
D:8 (

Annotations:
D:10 3 runed translucent doors, ytrimaz's ghost, journeyman DrTm
D:11 Urug
Lair:2 exclusion: oklob plant


Innate Abilities, Weirdness & Mutations

You have a beak for a mouth.
You have claws for feet.
Your magical nature lets you fly swiftly and evasively.


Message History

* * * LOW HITPOINT WARNING * * *
A blink frog comes into view.
Okay, then.
Found a scroll of enchant weapon.
An unseen horror comes into view.
A starcursed mass splits.
The unseen horror barely misses you.
The blink frog blinks!
The unseen horror hits you.
* * * LOW HITPOINT WARNING * * *
The unseen horror misses you. Something hits you.
* * * LOW HITPOINT WARNING * * *
Deactivating autopickup; reactivate with Ctrl-A.
Something hits you.
* * * LOW HITPOINT WARNING * * *
The unseen horror hits you!
* * * LOW HITPOINT WARNING * * *
Unknown command.
Okay, then.
Magic scrolls do not work when you're silenced!
Unknown command.
Unknown command.
Okay, then.
You cannot cast spells when silenced!
Okay, then.
Aiming: Mindburst
Press: ? - help, Shift-Dir - straight line, f - unseen horror
Aim: an unseen horror (silenced, slightly transparent, haloed, chance to affect: 85%)
The unseen horror's mind is blasted!!
The unseen horror closely misses you.
Unknown command.
Aiming: Mindburst
Press: ? - help, Shift-Dir - straight line, f/p - unseen horror
Aim: an unseen horror (silenced, almost dead, slightly transparent, haloed, chance to affect: 85%)
The unseen horror's mind is blasted!!
You blow up the unseen horror!
Reactivating autopickup.
A blink frog comes into view.
The starcursed mass shrieks in your mind.
You die...
Your body disappears without a glow.

..#. #..
#..## #.
......# ## .
#...#.### #.
. ..
##.#.##.F..#
.# #......X.F
###.. .
#..#.#.#.#..#
#
#.#.#.#..#..X
#.@##.##..X.#
###F#. . ...#
##..F##FG #
##.F.##..#
#..##....## #
. ยง#.## F#.
#... #.? #. .
. #..#


You could see a starcursed mass and 4 blink frogs.

Vanquished Creatures
  A fire dragon (Lair:6)
  8 hydras
  2 catoblepae
  2 boulder beetles
  3 two-headed ogres
  5 death yaks (Lair:5)
  A fire crab (Lair:5)
  A swamp dragon (Lair:6)
  Pikel (D:8)
  A lindwurm (Lair:5)
  An orb spider (Lair:2)
  A manticore (D:7)
  A cyclops (D:7)
  24 elephants
  4 merfolk sirens
  7 black mambas
  Joseph (D:7)
  A guardian serpent (Lair:6)
  2 gargoyles
  19 cane toads
  3 unseen horrors
  7 rime drakes
  15 komodo dragons
  2 trolls
  3 hornets (Lair:6)
  2 polar bears
  21 blink frogs
  A slime creature (D:7)
  5 shadows
  Sigmund (D:6)
  5 redbacks (Lair:6)
  43 yaks
  A spriggan (Lair:1)
  A vampire (D:10)
  5 basilisks
  17 wyverns
  2 steam dragons
  A chaos spawn (Abyss:3)
  3 vampire mosquitoes (D:10)
  5 acid dragons
  15 water moccasins
  2 floating eyes (D:9)
  5 orc warriors
  Purgy (Sewer)
  A sky beast (D:7)
  9 black bears
  An ogre (D:7)
  2 ice beasts
  18 wolves
  3 centaurs
  4 lemures (D:8)
  2 phantoms
  4 kobold brigands
  Blork the orc (D:5)
  5 scorpions
  13 bullfrogs
  A gnoll sergeant (D:5)
  2 water moccasin skeletons (D:5)
  26 wights
  8 killer bees
  A howler monkey (D:7)
  5 electric eels (D:8)
  A bullfrog zombie (D:6)
  6 centaur zombies
  3 hounds
  5 orc priests
  2 jellies
  Crazy Yiuf (D:7)
  Ijyb (D:5)
  Jessica (D:2)
  5 iguanas
  8 orc wizards
  2 ogre zombies (D:11)
  2 hound skeletons
  2 howler monkey zombies
  Robin (D:3)
  25 gnolls
  A howler monkey skeleton (D:5)
  2 adders
  A white imp (D:8)
  3 ufetubi
  A worm (D:3)
  A dart slug (D:4)
  33 orcs
  4 ball pythons
  10 endoplasms
  8 giant cockroaches
  15 goblins
  9 hobgoblins
  7 quokkas
  9 bats
  4 frilled lizards
  A goblin skeleton (D:11)
  3 hobgoblin zombies (D:11)
  16 kobolds
  3 orc skeletons (D:11)
  6 orc zombies (D:11)
  4 rats
564 creatures vanquished.

Vanquished Creatures (collateral kills)
  A death yak (Lair:2)
  A yak (Lair:2)
2 creatures vanquished.

Vanquished Creatures (others)
  A death yak (Lair:2)
  A deep troll (Lair:2)
  A centaur (D:8)
  3 bushes (D:8)
  75 fungi
  161 plants
  4 starspawn tentacles (Abyss:5)
246 creatures vanquished.

Grand Total: 812 creatures vanquished

Notes
Turn   | Place    | Note
-------+----------+-------------------------------------------
     0 | D:1      | quinnr the Tengu Air Elementalist began the quest for the
                  | Orb.
     0 | D:1      | Reached XP level 1. HP: 10/10 MP: 4/4
   236 | D:1      | Reached XP level 2. HP: 15/15 MP: 4/6
   487 | D:1      | Reached skill level 5 in Air Magic
   816 | D:1      | Upgraded the game from 0.28-a0-683-ga8797d1ae1 to
                  | 0.28-a0-691-gad6df49e81
   989 | D:2      | Noticed Jessica
   991 | D:2      | Reached XP level 3. HP: 19/19 MP: 5/7
   993 | D:2      | Killed Jessica
   994 | D:2      | Reached skill level 6 in Air Magic
  1179 | D:2      | Reached XP level 4. HP: 19/24 MP: 5/8
  1563 | D:1      | Learned a level 4 spell: Airstrike
  1685 | D:2      | Reached skill level 1 in Fighting
  1935 | D:2      | Found a faded altar of an unknown god.
  2158 | D:2      | Reached skill level 7 in Air Magic
  2158 | D:2      | Gained mutation: Your magical nature lets you fly swiftly
                  | and evasively. [Tengu growth]
  2158 | D:2      | Reached XP level 5. HP: 27/29 MP: 4/9
  2660 | D:3      | Found a glowing drain.
  2671 | Sewer    | Entered a sewer
  2855 | Sewer    | Noticed Purgy
  2865 | Sewer    | Killed Purgy
  2866 | Sewer    | Reached skill level 8 in Air Magic
  2866 | Sewer    | Reached XP level 6. HP: 4/34 MP: 0/10
  3293 | D:3      | Reached skill level 9 in Air Magic
  4036 | D:3      | Noticed Robin
  4303 | D:3      | Killed Robin
  4969 | D:4      | Reached skill level 10 in Air Magic
  4969 | D:4      | Reached XP level 7. HP: 37/38 MP: 8/11
  5710 | D:5      | Entered Level 5 of the Dungeon
  5723 | D:5      | Noticed Ijyb
  5736 | D:5      | Killed Ijyb
  5737 | D:5      | Reached skill level 11 in Air Magic
  5986 | D:4      | Reached XP level 8. HP: 45/45 MP: 1/13
  6457 | D:5      | Noticed Blork the orc
  6469 | D:5      | Killed Blork the orc
  6759 | D:5      | Reached skill level 1 in Evocations
  7518 | D:6      | Noticed Sigmund
  7521 | D:6      | Killed Sigmund
  7684 | D:5      | Reached XP level 9. HP: 52/52 MP: 7/16
  8056 | D:6      | Reached skill level 5 in Fighting
  8056 | D:6      | Reached skill level 5 in Spellcasting
  8128 | D:6      | Found an ornate altar of the Wu Jian Council.
  8128 | D:6      | Found a basalt altar of Yredelemnul.
  8514 | D:6      | Found a hide-covered altar of Uskayaw.
  8518 | D:6      | Found a sparkling altar of Nemelex Xobeh.
  8662 | D:6      | Became a worshipper of Nemelex Xobeh the Trickster
  9070 | D:7      | Reached skill level 1 in Invocations
  9401 | D:7      | Noticed a cyclops
  9414 | D:7      | Killed a cyclops
  9606 | D:7      | Killed an unseen horror
  9607 | D:7      | Reached XP level 10. HP: 54/60 MP: 4/19
  9618 | D:7      | Noticed a manticore
  9732 | D:7      | Killed a manticore
 10189 | D:7      | Found a runed translucent door.
 10190 | D:7      | Noticed Crazy Yiuf
 10268 | D:7      | Reached skill level 12 in Air Magic
 10522 | D:7      | Noticed Joseph
 10528 | D:7      | Learned a level 3 spell: Mephitic Cloud
 10541 | D:7      | Killed Joseph
 10758 | D:7      | Found a staircase to the Ecumenical Temple.
 10767 | Temple   | Entered the Ecumenical Temple
 11000 | D:7      | Killed Crazy Yiuf
 11476 | D:8      | Reached * piety under Nemelex Xobeh
 11485 | D:8      | Reached skill level 1 in Poison Magic
 11825 | D:8      | Noticed Pikel
 12093 | D:8      | Noticed a two-headed ogre
 12109 | D:8      | Killed a two-headed ogre
 12133 | D:8      | Killed Pikel
 12247 | D:8      | Noticed a two-headed ogre
 12280 | D:7      | Killed a two-headed ogre
 12281 | D:7      | Reached XP level 11. HP: 15/67 MP: 1/22
 12602 | D:8      | Received a gift from Nemelex Xobeh
 12659 | D:8      | Found Sicvexet's Weapon Shop.
 12940 | D:8      | Found a broken altar of Ashenzari.
 12955 | D:8      | Reached skill level 13 in Air Magic
 14254 | D:9      | You are sucked into a shaft and drop 2 floors!
 14775 | D:10     | Entered Level 10 of the Dungeon
 14775 | D:10     | Noticed ytrimaz's ghost (journeyman DrTm)
 14775 | D:10     | Reached ** piety under Nemelex Xobeh
 14775 | D:10     | Found a runed translucent gate.
 14775 | D:10     | Found a runed translucent gate.
 14775 | D:10     | Found a runed translucent gate.
 14787 | D:10     | Identified the +6 chain mail "Ovoass" {Fly rN+++ Str-5
                  | Stlth-}
 15258 | D:10     | Found a staircase to the Lair.
 16171 | D:10     | Reached skill level 5 in Dodging
 16171 | D:10     | Reached skill level 5 in Stealth
 16646 | D:10     | Identified the +0 ring mail of Circular Logic {Will+}
 17007 | D:9      | Paralysed by a floating eye for 2 turns
 17445 | D:9      | Found an opulent altar of Gozag.
 17446 | D:9      | Noticed a two-headed ogre
 17453 | D:9      | Killed a two-headed ogre
 17454 | D:9      | Reached XP level 12. HP: 63/73 MP: 0/25
 17610 | D:9      | Received a gift from Nemelex Xobeh
 18276 | Lair:1   | Entered Level 1 of the Lair of Beasts
 18463 | Lair:1   | Reached *** piety under Nemelex Xobeh
 19215 | Lair:1   | Noticed a six-headed hydra
 19227 | Lair:1   | Killed a six-headed hydra
 19357 | Lair:1   | You are sucked into a shaft and drop 1 floor!
 20307 | Lair:2   | Received a gift from Nemelex Xobeh
 21100 | Lair:2   | Reached skill level 14 in Air Magic
 21386 | Lair:2   | Reached **** piety under Nemelex Xobeh
 21388 | Lair:2   | Received a gift from Nemelex Xobeh
 21800 | Lair:2   | Noticed a death yak
 21851 | Lair:3   | Noticed an eight-headed hydra
 22273 | Lair:2   | Found a staircase to the Snake Pit.
 22278 | Lair:2   | Noticed a death yak
 22280 | Lair:2   | Noticed a death yak
 22294 | Lair:2   | Killed a death yak
 22300 | Lair:2   | Noticed a catoblepas
 22300 | Lair:2   | a death yak changed into a catoblepas
 22300 | Lair:2   | Noticed a death yak
 22658 | Lair:2   | Killed a catoblepas
 22659 | Lair:2   | Reached skill level 10 in Fighting
 22786 | Lair:1   | Reached skill level 15 in Air Magic
 22835 | Lair:1   | Killed an eight-headed hydra
 22836 | Lair:1   | Reached skill level 1 in Armour
 22836 | Lair:1   | Reached XP level 13. HP: 42/82 MP: 5/27
 26498 | Lair:3   | Received a gift from Nemelex Xobeh
 26587 | Lair:3   | Found a staircase to the Shoals.
 27733 | Lair:4   | Received a gift from Nemelex Xobeh
 29413 | Lair:4   | Reached skill level 10 in Spellcasting
 29508 | Lair:4   | Reached skill level 5 in Armour
 30110 | Lair:4   | Reached XP level 14. HP: 65/90 MP: 1/29
 30663 | Lair:4   | Reached skill level 10 in Dodging
 31047 | Lair:4   | Received a gift from Nemelex Xobeh
 32178 | Lair:5   | Found a viscous altar of Jiyva.
 32178 | Lair:5   | Found a staircase to the Slime Pits.
 32194 | Lair:5   | Received a gift from Nemelex Xobeh
 33482 | Lair:6   | Entered Level 6 of the Lair of Beasts
 33520 | Lair:6   | Received a gift from Nemelex Xobeh
 34087 | Lair:6   | Reached skill level 5 in Evocations
 34419 | Lair:5   | HP: 7/91 [yak (9)]
 34425 | Lair:5   | HP: 1/91 [yak (11)]
 34794 | Lair:5   | Reached skill level 5 in Invocations
 37359 | Lair:6   | Reached skill level 10 in Stealth
 37975 | Lair:6   | Reached XP level 15. HP: 67/96 MP: 21/31
 39472 | Lair:6   | Learned a level 2 spell: Poisonous Vapours
 40742 | Lair:6   | Received a gift from Nemelex Xobeh
 42574 | D:11     | Noticed Urug
 42587 | D:11     | Cast into level 2 of the Abyss (a wizard)
 42587 | Abyss:2  | Received a gift from Nemelex Xobeh
 42588 | Abyss:2  | Found a corrupted altar of Lugonu.
 42700 | Abyss:2  | Found a corrupted altar of Lugonu.
 42701 | Abyss:2  | Reached ***** piety under Nemelex Xobeh
 42715 | Abyss:3  | Found a corrupted altar of Lugonu.
 42953 | Abyss:3  | HP: 9/96 [raiju/living lightning (18)]
 42954 | Abyss:3  | HP: 1/96 [raiju (9)]
 42976 | Abyss:3  | Noticed a tentacled starspawn
 43002 | Abyss:3  | Found a corrupted altar of Lugonu.
 43026 | Abyss:5  | Entered Level 5 of the Abyss
 43035 | Abyss:5  | Identified the +6 scale mail "Yngyzong" {Rampage rC+}
 43046 | Abyss:5  | Noticed a tentacled starspawn
 43089 | Abyss:5  | Noticed a tentacled starspawn
 43129 | Abyss:5  | Received a gift from Nemelex Xobeh
 43170 | Abyss:5  | Found a corrupted altar of Lugonu.
 43187 | Abyss:5  | HP: 3/96 [unseen horror (8)]
 43191 | Abyss:5  | Killed from afar by a starcursed mass

Illustrated notes

Levels and vault maps discovered:
D:1:      eino_arrival_druids_welcome, layout_basic, minmay_misc_feat_columns,
          minmay_tromino_v2
D:2:      layout_rooms, ebering_ecumenical_altar_sacrificial,
          minmay_misc_feat_secret_circle, uniq_jessica
D:3:      layout_loops_ring, cheibrodos_sewer_entry_sluice, hex_medium,
          uniq_robin
D:4:      layout_rooms, minmay_misc_feat_rugged, st_stairs_6, grunt_tough_drop
D:5:      wander_river, layout_loops_ring, minmay_misc_feat_diagonals,
          fountainhead, uniq_ijyb, uniq_blork_the_orc
D:6:      layout_basic, amcnicky_altar_gilded, minitemple, uniq_sigmund
D:7:      minmay_blocky_corners, layout_cave_pools,
          minmay_temple_entry_poolview, kennysheep_donut, uniq_joseph,
          uniq_crazy_yiuf_cottage
D:8:      layout_loops_cross, mainiacjoe_overflow_chevrons, serial_shops,
          kennysheep_mini_moat, enter_bailey_4, chequers_big_river, uniq_pikel
D:9:      layout_loops_ring, lemuel_round_altar, nicolae_benzene_ring,
          serial_bayou_pond_b, onia_ninara_cookie
D:10:     layout_roguey, grunt_lair_entry_orc_guard_hut,
          biasface_ghost_orc_armoury
D:11:     layout_basic, zombieorc1_lemuel, sword_in_stone, uniq_erica,
          uniq_psyche
Temple:   eino_temple_rhombus
Lair:1:   layout_roguey
Lair:2:   layout_gridlike, dummy_snake_entry, minmay_lair_oklob_bushes,
          beast_lair_carwin_1, grunt_megastairs_3
Lair:3:   layout_loops_ring, elwin_shoals_entry_stream, grunt_megastairs_2
Lair:4:   beast_lair_carwin_large_1, layout_hall_layers, lemuel_fruit_tree
Lair:5:   layout_cave_shapes, dpeg_slime_entry_enclosed_altar
Lair:6:   hangedman_lair_tendril_chambers, layout_gridlike,
          guppyfry_lair_end_dragon, grunt_megastairs_5, serial_bayou_shore_b
Abyss:5:  base: D:5, doesnt_abyss_rune_brain_food, bh_abyss_exit_grid,
          evilmike_abyss_exit_vortex, hangedman_abyss_shoalhut, minivault_26,
          nicolae_abyss_rune_star_stuff, hangedman_abyss_or_decor_stabs,
          minivault_24, bh_silent_lugonu_exit, bh_silent_lugonu_exit,
          hangedman_decor_points, evilmike_abyss_rune_elephants_shrine

Skill      XL: |  1  2  3  4  5  6  7  8  9 10 11 12 13 14 15 |
---------------+----------------------------------------------+-----
Air Magic      | 5 6 7 8 10 11 12 13 15 | 15.0
Fighting       | 1 2 4 5 7 8 10 11 12 | 12.0
Spellcasting   | 3 4 5 7 8 9 10 11 12 | 12.0
Dodging        | 4 6 8 9 10 11 | 11.5
Evocations     | 2 4 6 |  6.0
Conjurations   | 3 4 |  4.0
Invocations    | 2 4 6 |  6.0
Stealth        | 3 4 6 8 10 | 10.0
Poison Magic   | 3 4 |  4.0
Armour         | 1 5 |  5.0

Action                   |  1- 3 |  4- 6 |  7- 9 | 10-12 | 13-15 || total
-------------------------+-------+-------+-------+-------+-------++-------
Melee: Unarmed           |     6 |     3 |     6 |       |       ||    15
       Kick              |     1 |     2 |     3 |    12 |    75 ||    93
       Peck              |       |       |     2 |     6 |    52 ||    60
       Staff             |       |       |       |    20 |   180 ||   200
 Cast: Shock             |    55 |   177 |   207 |   645 |   607 ||  1691
       Airstrike         |       |     1 |    39 |   139 |   411 ||   590
       Mephitic Cloud    |       |       |       |    14 |    48 ||    62
       Poisonous Vapours |       |       |       |       |     7 ||     7
Invok: Draw Summoning    |       |       |       |     1 |       ||     1
       Draw Destruction  |       |       |       |     3 |    22 ||    25
       Triple Draw       |       |       |       |     1 |       ||     1
       Draw Escape       |       |       |       |       |     4 ||     4
 Abil: Evoke Invisibilit |       |       |       |     1 |       ||     1
Evoke: Wand              |       |       |       |    16 |    26 ||    42
       Phantom mirror    |       |       |       |       |     1 ||     1
  Use: Potion            |       |     1 |       |       |     7 ||     8
       Scroll            |       |       |       |    13 |    15 ||    28
 Stab: Paralysed         |       |       |       |     5 |       ||     5
       Sleeping          |       |       |       |     1 |       ||     1
       Confused          |       |       |       |       |    15 ||    15
Armor: Robe              |     8 |     8 |       |    94 |   130 ||   240
       Troll leather arm |       |    13 |    26 |    13 |       ||    52
Dodge: Dodged            |    10 |    65 |    65 |   349 |   787 ||  1276

Table legend: (Time is in decaauts)
 A = Elapsed time spent in this place.
 B = Non-inter-level travel time spent in this place.
 C = Inter-level travel time spent in this place.
 D = Time resting spent in this place.
 E = Time spent auto-exploring this place.
 F = Levels seen in this place.
 G = Mean time per level.
                   A        B        C        D        E       F      G
               +--------+--------+--------+--------+--------+-----+--------+
         Total |  42022 |  40343 |   1679 |  15698 |  18662 |  23 | 1827.0 |
       Dungeon |  17579 |  16737 |    842 |   4014 |  10128 |  11 | 1598.1 |
        Temple |    145 |    130 |     15 |      0 |    119 |   1 |  145.0 |
          Lair |  23165 |  22345 |    820 |  10988 |   8281 |   6 | 3860.8 |
         Abyss |    583 |    583 |      0 |    350 |      5 |   4 |  145.8 |
         Sewer |    548 |    548 |      0 |    345 |    128 |   1 |  548.0 |
               +--------+--------+--------+--------+--------+-----+--------+

Top non-repeatable levels by time:
  Lair:5: 6091 daAuts
  Lair:2: 4875 daAuts
  Lair:6: 3721 daAuts
  Lair:3: 3014 daAuts
  Lair:1: 2948 daAuts
  Lair:4: 2514 daAuts
     D:8: 2497 daAuts
    D:10: 2060 daAuts
     D:5: 1701 daAuts
     D:7: 1701 daAuts
     D:9: 1627 daAuts
     D:1: 1601 daAuts
     D:6: 1595 daAuts
     D:3: 1537 daAuts
     D:4: 1287 daAuts
